AoeStats
← RIO1000

Arabia

508791001Analyzed
1v1 RM · 9d ago on Sep 24, 2026· 64m 14s· 2 players
Game mode
Random Map
Map size
Tiny (2 player)
Population
200
Speed
Normal
Resources
Standard
Victory
Conquest
Starting age
Dark Age
Ending age
Imperial Age
RankedLock teamsTeams togetherTeam positionsShared explorationLock speedFull tech treeHidden civsTurbo modeCheats
Victory
Defeat
🇲🇽 Magyars · Mexico
899
+15
🇨🇱 Aztecs · Chile
877
-15
El_Gusano
0:28 Loom
10:39 Feudal Age
16:53 Castle Age
14:55 Double-Bit Axe
24:29 Stone Mining
24:52 Bow Saw
24:25 Horse Collar
25:49 Wheelbarrow
25:10 Gold Mining
25:25 Gambesons
25:30 Arson
26:00 Forging
25:51 Scale Mail Armor
26:46 Hand Cart
27:31 Heavy Plow
27:43 Town Watch
33:31 Gold Shaft Mining
36:22 Imperial Age
35:03 Iron Casting
34:43 Chain Mail Armor
34:32 Squires
36:28 Elite Jaguar Warrior
37:29 Conscription
37:31 Garland Wars
38:23 Blast Furnace
38:35 Plate Mail Armor
38:55 Crop Rotation
43:00 Chemistry
42:11 Town Patrol
42:32 Fletching
42:49 Pikeman
RIO1000
5:57 Loom
12:06 Feudal Age
13:15 Double-Bit Axe
13:12 Horse Collar
18:50 Castle Age
18:35 Gold Mining
20:02 Bow Saw
22:12 Wheelbarrow
21:42 Heavy Plow
25:37 Stone Mining
27:07 Scale Barding Armor
29:16 Bloodlines
29:06 Husbandry
30:58 Hand Cart
34:44 Imperial Age
32:05 Town Watch
32:48 Chain Barding Armor
33:44 Corvinian Army
34:50 Gold Shaft Mining
35:18 Town Patrol
35:56 Conscription
35:07 Cavalier
37:02 Plate Barding Armor
38:11 Two-Man Saw
36:58 Paladin
39:09 Fletching
40:18 Bodkin Arrow
42:47 Bracer
62:58 Spies/Treason
Connection lost

Rejoining the realm…

Still unreachable

The connection could not be restored.

Session expired

The server has moved on; the page needs a fresh start.